 Dungeon Crawl Stone Soup version 0.32-a0-306-gfed3edf829 (webtiles) character file.

Game seed: 10676024173241228839

77 Atlas the Firebug (level 4, 0/30 HPs)
             Began as a Demonspawn Fire Elementalist on Feb 15, 2024.
             Slain by Terence
             ... wielding a +0 falchion
              (5 damage)
             ... on level 2 of the Dungeon.
             The game lasted 00:02:26 (1332 turns).

Atlas the Firebug (Demonspawn Fire Elementalist)    Turns: 1332, Time: 00:02:27

Health: 0/30       AC:  2    Str:  8    XL:     4   Next: 13%
Magic:  0/7        EV: 12    Int: 18    God:
Gold:   59         SH:  0    Dex: 13    Spells: 7/8 levels left

rFire   . . .        (no weapon)
rCold   . . .        (no shield)
rNeg    . . .        a - +0 robe
rPois   .            (no helmet)
rElec   .            (no cloak)
rCorr   .            (no gloves)
SInv    .            (no boots)
Will    +....        (no amulet)
Stlth   ++           (no ring)
HPRegen 0.25/turn    (no ring)
MPRegen 0.10/turn

%: no passive effects
@: enlightened, flying, very slightly contaminated
A: claws 1
a: no special abilities


You were on level 2 of the Dungeon.
You visited 1 branch of the dungeon, and saw 2 of its levels.

You collected 59 gold pieces.

Inventory:

Armour
 a - a +0 robe (worn)
Scrolls
 c - a scroll of fog {unknown}
 d - a scroll of revelation {unknown}
 f - 2 scrolls of identify {unknown}
 g - a scroll of fear {unknown}
 h - a scroll of enchant weapon {unknown}
 j - a scroll of noise {unknown}
Potions
 b - a potion of magic
 e - a potion of enlightenment
 k - a potion of curing {unknown}


   Skills:
 + Level 2.4 Dodging
 + Level 1.9 Stealth
 + Level 0.3 Unarmed Combat
 + Level 2.6 Spellcasting
 + Level 1.5 Conjurations
 + Level 3.4 Fire Magic


You had 7 spell levels left.
You knew the following spells:

 Your Spells              Type           Power      Damage    Failure   Level
a - Foxfire               Conj/Fire      44%        2x1d6     6%          1

Your spell library contained the following spells:

 Spells                   Type           Power      Damage    Failure   Level
 Scorch                   Fire           28%        2d6       6%          2
 Inner Flame              Hex/Fire       8%         N/A       26%         3
 Volatile Blastmotes      Fire/Tloc      16%        2d11      26%         3
 Flame Wave               Conj/Fire      11%        2d6       52%         4


Dungeon Overview and Level Annotations

Branches:
Dungeon (2/15)

Altars:

Annotations:
D:2 Terence


Innate Abilities, Weirdness & Mutations

You have sharp fingernails.


Message History

Terence is lightly wounded.
Terence hits you with a +0 falchion.
You scratch Terence.
Terence is lightly wounded.
Terence misses you.
You scratch Terence but do no damage.
Terence is lightly wounded.
Terence closely misses you.
You scratch Terence but do no damage.
Terence is lightly wounded.
Terence hits you with a +0 falchion.
Casting: Foxfire (safe; 6% risk of failure)
Confirm with . or Enter, or press ? or * to list all spells.
You miscast Foxfire.
You are very lightly contaminated with residual magic.
Nothing appears to happen.
Terence hits you with a +0 falchion.
You scratch Terence.
Terence is moderately wounded.
Terence barely misses you.
You scratch Terence but do no damage.
Terence is moderately wounded.
Terence closely misses you.
An endoplasm comes into view.
The endoplasm quivers.
You scratch Terence but do no damage.
Terence is moderately wounded.
Terence hits you with a +0 falchion.
You barely miss Terence.
Terence is moderately wounded.
Terence hits you with a +0 falchion.
* * * LOW HITPOINT WARNING * * *
You closely miss Terence.
Terence is moderately wounded.
Terence hits you with a +0 falchion.
* * * LOW HITPOINT WARNING * * *
You scratch Terence but do no damage.
Terence is moderately wounded.
Terence hits you with a +0 falchion.
You die...
Terence says, "That felt goooood."

#.###..#..##.###########
#.....###....##.........
#..##.(#..##.##.########
#..###...###.##.#####
..[.# ##.####........#
##.### #.........###.#
#. #######.#### #.# #.
...J)......# #.# #.
#####.@@##.##.#....(..
#.### ### ####### #. #.
#


You could see Terence and an endoplasm.

Vanquished Creatures
  2 dart slugs (D:1)
  4 ball pythons
  5 endoplasms
  A giant cockroach (D:1)
  6 goblins
  2 hobgoblins (D:1)
  3 jackals (D:1)
  3 quokkas
  3 bats (D:1)
  A frilled lizard (D:1)
  5 kobolds
  3 rats (D:1)
38 creatures vanquished.

Vanquished Creatures (others)
  87 foxfires
87 creatures vanquished.

Grand Total: 125 creatures vanquished

Notes
Turn   | Place    | Note
-------+----------+-------------------------------------------
     0 | D:1      | Atlas the Demonspawn Fire Elementalist began the quest for
                  | the Orb.
     0 | D:1      | Reached XP level 1. HP: 13/13 MP: 3/3
   101 | D:1      | Reached skill level 3 in Fire Magic
   101 | D:1      | Gained mutation: You have sharp fingernails. [demonic
                  | ancestry]
   101 | D:1      | Reached XP level 2. HP: 6/19 MP: 0/5
   106 | D:1      | Found a faded altar of an unknown god.
   265 | D:1      | Reached XP level 3. HP: 24/24 MP: 0/6
  1115 | D:2      | Reached XP level 4. HP: 30/30 MP: 4/7
  1305 | D:2      | Noticed Terence
  1332 | D:2      | Slain by Terence

Illustrated notes

Levels and vault maps discovered:
D:1:      dpeg_arrival_windows_large_door, layout_rooms, basic_ecumenical_altar
D:2:      layout_loops_ring, supply_closet_lemuel, uniq_terence

Skill      XL: |  1  2 |
---------------+-------+-----
Fire Magic     | 3 |  3.4
Dodging        | 2 |  2.4
Stealth        | |  1.9
Unarmed Combat | |  0.3
Spellcasting   | |  2.6
Conjurations   | |  1.5

Action                     |  1- 3 |  4- 6 || total
---------------------------+-------+-------++-------
  Melee: Unarmed           |    21 |    16 ||    37
   Cast: Foxfire           |    57 |    17 ||    74
    Use: Potion            |       |     2 ||     2
 Armour: Robe              |    35 |    13 ||    48
  Dodge: Dodged            |    44 |    11 ||    55

Table legend: (Time is in decaauts)
 A = Elapsed time spent in this place.
 B = Non-inter-level travel time spent in this place.
 C = Inter-level travel time spent in this place.
 D = Time resting spent in this place.
 E = Time spent auto-exploring this place.
 F = Levels seen in this place.
 G = Mean time per level.
                   A        B        C        D        E       F      G
               +--------+--------+--------+--------+--------+-----+--------+
         Total |   1331 |   1317 |     14 |      0 |   1039 |   2 |  665.5 |
       Dungeon |   1331 |   1317 |     14 |      0 |   1039 |   2 |  665.5 |
               +--------+--------+--------+--------+--------+-----+--------+

Top non-repeatable levels by time:
     D:1: 1018 daAuts
     D:2: 313 daAuts
